 Dungeon Crawl Stone Soup version 0.30.1-11-g7821555f0a (webtiles) character file.

Game seed: 11916203913965370440

69 Aphynety the Firebug (level 4, -1/24 HPs)
             Began as a Deep Elf Fire Elementalist on Nov 23, 2023.
             Slain by a goblin
             ... wielding a +0 dagger
             ... led by Robin
              (2 damage)
             ... on level 2 of the Dungeon.
             The game lasted 00:03:58 (2409 turns).

Aphynety the Firebug (Deep Elf Fire Elementalist)   Turns: 2409, Time: 00:03:59

Health: -1/24      AC:  2    Str:  5    XL:     4   Next: 2%
Magic:  11/11      EV: 13    Int: 22    God:
Gold:   72         SH:  0    Dex: 15    Spells: 9/10 levels left

rFire   . . .        (no weapon)
rCold   . . .        (no shield)
rNeg    . . .        a - +0 robe
rPois   .            (no helmet)
rElec   .            (no cloak)
rCorr   .            (no gloves)
SInv    .            (no boots)
Will    .....        (no amulet)
Stlth   ++           (no ring)
HPRegen 0.24/turn    (no ring)
MPRegen 0.12/turn

%: no passive effects
@: flying
A: no striking features
a: no special abilities


You were on level 2 of the Dungeon.
You visited 1 branch of the dungeon, and saw 2 of its levels.

You collected 72 gold pieces.

Inventory:

Armour
 a - a +0 robe (worn)
Scrolls
 g - a scroll of enchant weapon


   Skills:
 + Level 3.1 Dodging
 + Level 3.3 Stealth
 + Level 3.7 Spellcasting
 + Level 2.0 Conjurations
 + Level 3.8 Fire Magic


You had 9 spell levels left.
You knew the following spells:

 Your Spells              Type           Power      Damage    Failure   Level
a - Foxfire               Conj/Fire      68%        2x1d7     3%          1

Your spell library contained the following spells:

 Spells                   Type           Power      Damage    Failure   Level
 Scorch                   Fire           40%        2d7       3%          2
 Inner Flame              Hex/Fire       12%        N/A       16%         3
 Volatile Blastmotes      Fire/Tloc      24%        2d12      16%         3
 Flame Wave               Conj/Fire      17%        2d7       34%         4


Dungeon Overview and Level Annotations

Branches:
Dungeon (2/15)

Altars:

Annotations:
D:2 Robin


Message History

There is not enough space to conjure foxfire!
This spell is astonishingly dangerous to cast!
Memorise Flame Wave, consuming 4 spell levels and leaving 5?
The quokka bites you.
Your memorisation is interrupted.
The goblin closely misses you.
A goblin comes into view. It is wielding a +0 club.
Casting: Foxfire (safe; 3% risk of failure)
Confirm with . or Enter, or press ? or * to list all spells.
Okay, then.
Unknown command.
Unknown command.
Unknown command.
You are too injured to fight recklessly!
You are too injured to fight recklessly!
The goblin shouts!
You hit the quokka.
The quokka is lightly wounded.
You hear a shout! x2
The quokka barely misses you. The goblin hits you with a +0 dagger.
* * * LOW HITPOINT WARNING * * *
Robin completely misses you. The quokka barely misses you.
You hit the quokka but do no damage. The goblin closely misses you.
The quokka bites you but does no damage.
You hit the quokka but do no damage. The quokka closely misses you.
The goblin hits you with a +0 dagger.
* * * LOW HITPOINT WARNING * * *
Robin closely misses you.
You hit the quokka but do no damage.
A hobgoblin comes into view.
The quokka barely misses you. The goblin misses you.
Robin completely misses you.
You hit the quokka but do no damage.
The goblin no longer looks unusually strong. x2
The quokka closely misses you. The goblin hits you with a +0 dagger.
* * * LOW HITPOINT WARNING * * *
A goblin comes into view. It is wielding a +0 dagger.
You miss the quokka.
The goblin no longer looks unusually strong.
The quokka barely misses you. The goblin hits you with a +0 dagger.
You die...

***######################
**,,......gggg#..........#
*,,,#########@#.##.#####.# *,,,*
######r#>##..####.#
****,,,***#....gg.~~♣♣~♣~~♣.#
*,,,,,,,,,#.##g~gP~~♣~~~♣~~♣♣♣♣##
*,,,,,,,,,,,~♣♣~~♣~♣~P~~~~P~♣~~♣~
,,,,,,,,,,*~*♣~♣~~~~≈≈≈≈~P~~~~~♣~
****,,,****~~~~~~≈≈≈≈≈≈≈≈≈~~~♣~P~
*,,,,,~~~~~~~♣≈≈≈≈≈≈≈≈≈≈≈~♣~~~~
*,,,,~*~~P~~~≈≈≈≈≈≈≈≈≈≈≈≈≈~~~♣~


You could see Robin, a quokka, a hobgoblin and 6 goblins.

Vanquished Creatures
  2 adders (D:2)
  A worm (D:2)
  A dart slug (D:1)
  3 endoplasms (D:2)
  2 giant cockroaches
  8 goblins
  2 hobgoblins
  5 jackals (D:1)
  2 quokkas
  2 ball pythons (D:1)
  2 bats
  4 frilled lizards
  4 kobolds
  5 rats
43 creatures vanquished.

Vanquished Creatures (collateral kills)
  4 foxfires
4 creatures vanquished.

Vanquished Creatures (others)
  249 foxfires
249 creatures vanquished.

Grand Total: 296 creatures vanquished

Notes
Turn   | Place    | Note
-------+----------+-------------------------------------------
     0 | D:1      | Aphynety the Deep Elf Fire Elementalist began the quest for
                  | the Orb.
     0 | D:1      | Reached XP level 1. HP: 10/10 MP: 6/6
   199 | D:1      | Reached XP level 2. HP: 15/15 MP: 1/8
   468 | D:1      | Found a faded altar of an unknown god.
  1187 | D:1      | Reached XP level 3. HP: 17/19 MP: 3/9
  2388 | D:2      | Noticed Robin
  2390 | D:2      | Reached XP level 4. HP: 18/24 MP: 6/11
  2406 | D:2      | HP: 1/24 [goblin/+0 dagger[Robin] (5)]
  2409 | D:2      | Slain by a goblin

Illustrated notes

Levels and vault maps discovered:
D:1:      minmay_arrival_five_plusses, layout_basic,
          ebering_ecumenical_altar_petrified
D:2:      layout_loops_ring, serial_bayou, serial_bayou_lake_a,
          serial_bayou_shore_b, serial_bayou_pond_d, serial_bayou_pond_d,
          uniq_robin

Skill      XL: |  1  2  3 |
---------------+----------+-----
Stealth        | 3 |  3.3
Dodging        | 3 |  3.1
Conjurations   | 2 |  2.0
Spellcasting   | |  3.7
Fire Magic     | |  3.8

Action                     |  1- 3 |  4- 6 || total
---------------------------+-------+-------++-------
  Melee: Unarmed           |    14 |    10 ||    24
   Cast: Foxfire           |   161 |     4 ||   165
    Use: Potion            |       |     3 ||     3
         Scroll            |       |     2 ||     2
 Armour: Robe              |     2 |     1 ||     3
  Dodge: Dodged            |    17 |    26 ||    43
